 Dungeon Crawl Stone Soup version 0.28.0-1-gb440e238dd (webtiles) character file.

Game seed: 4761362307343293597

105 Ablot the Grasshopper (level 4, -2/38 HPs)
             Began as a Gnoll Warper on Feb 22, 2022.
             Slain by a gnoll (12 damage)
             ... on level 2 of the Dungeon.
             The game lasted 00:02:43 (2085 turns).

Ablot the Grasshopper (Gnoll Warper)                Turns: 2085, Time: 00:02:44

Health: -2/38      AC:  4    Str: 13    XL:     4   Next: 83%
Magic:  11/11      EV: 12    Int: 12    God:
Gold:   41         SH:  0    Dex: 11    Spells: 11/13 levels left

rFire   . . .      SeeInvis .   j - +1 dagger (venom)
rCold   . . .      Faith    .   (no shield)
rNeg    . . .      Spirit   .   b - +0 leather armour
rPois   .          Reflect  .   f - +0 helmet
rElec   .          Harm     .   (no cloak)
rCorr   .          Rampage  .   (no gloves)
Will    .....                   (no boots)
Stlth   +.........              (no amulet)
HPRegen 0.12/turn               (no ring)
MPRegen 0.12/turn               (no ring)

@: no status effects
A: fangs 1, strong nose, distributed training
a: no special abilities


You were on level 2 of the Dungeon.
You visited 1 branch of the dungeon, and saw 2 of its levels.

You collected 41 gold pieces.

Inventory:

Hand Weapons
 a - a +0 spear
 j - a +1 dagger of venom (weapon)
 n - a +0 hunting sling
Missiles
 d - 5 boomerangs of dispersal
 e - 18 sling bullets
 g - 108 stones
 i - 2 javelins (quivered)
Armour
 b - a +0 leather armour (worn)
 f - a +0 helmet (worn)
Wands
 o - a wand of mindburst (3)
Scrolls
 c - a scroll of blinking
 h - 2 scrolls of teleportation {unknown}
 l - a scroll of vulnerability {unknown}
Potions
 k - a potion of mutation {unknown}
 m - a potion of haste {unknown}


   Skills:
 + Level 4.7 Fighting
 + Level 1.2 Short Blades
 + Level 1.2 Long Blades
 + Level 1.2 Axes
 + Level 1.2 Maces & Flails
 + Level 4.7 Polearms
 + Level 1.2 Staves
 + Level 1.2 Slings
 + Level 1.2 Bows
 + Level 1.2 Crossbows
 + Level 2.8 Throwing
 + Level 2.8 Armour
 + Level 4.7 Dodging
 + Level 1.2 Stealth
 + Level 1.2 Shields
 + Level 1.2 Unarmed Combat
 + Level 5.1 Spellcasting
 + Level 1.0 Conjurations
 + Level 1.0 Hexes
 + Level 1.0 Summonings
 + Level 1.0 Necromancy
 + Level 5.5 Translocations
 + Level 1.0 Transmutations
 + Level 1.0 Fire Magic
 + Level 1.0 Ice Magic
 + Level 1.0 Air Magic
 + Level 1.0 Earth Magic
 + Level 1.0 Poison Magic
 + Level 1.4 Invocations
 + Level 1.2 Evocations


You had 11 spell levels left.
You knew the following spells:

 Your Spells              Type           Power      Damage    Failure   Level
a - Blink                 Tloc           32%        N/A       4%          2

Your spell library contained the following spells:

 Spells                   Type           Power      Damage    Failure   Level
 Gell's Gravitas          Tloc           16%        N/A       8%          3
 Lesser Beckoning         Tloc           16%        N/A       8%          3
 Teleport Other           Tloc           16%        N/A       8%          3
 Manifold Assault         Tloc           16%        N/A       58%         5


Dungeon Overview and Level Annotations

Branches:
Dungeon (2/15)

Altars:


Innate Abilities, Weirdness & Mutations

You have very sharp teeth.
Your uncanny sense of smell can sniff out nearby items.
Your experience applies equally to all skills.


Message History

The gnoll is moderately wounded.
The gnoll barely misses you.
You kill the gnoll!
You closely miss the gnoll. You bite the gnoll.
The gnoll is heavily wounded.
The gnoll hits you with a +1 flail of protection!
You closely miss the gnoll.
The gnoll is heavily wounded.
The gnoll hits you with a +1 flail of protection.
* * * LOW HITPOINT WARNING * * *
Unknown command.
You hit the gnoll but do no damage.
The gnoll looks as sick as possible!
The gnoll is severely wounded.
The gnoll barely misses you.
Unknown command.
You kill the gnoll!
Your Conjurations skill increases to level 1!
Your Hexes skill increases to level 1!
Your Summonings skill increases to level 1!
Your Necromancy skill increases to level 1!
Your Transmutations skill increases to level 1!
Your Fire Magic skill increases to level 1!
Your Ice Magic skill increases to level 1!
Your Air Magic skill increases to level 1!
Your Earth Magic skill increases to level 1!
Your Poison Magic skill increases to level 1!
Unknown command.
You hit the gnoll but do no damage.
The gnoll is poisoned.
The gnoll barely misses you.
You hit the gnoll.
The gnoll looks as sick as possible!
The gnoll is moderately wounded.
The gnoll closely misses you. The gnoll barely misses you.
You kill the gnoll!
Throw: 3 javelins
Press: ? - help, Q - select action, (/) - cycle Shift-Dir - straight line, f - gnoll
Aim: a gnoll, wielding a +0 halberd (63% to hit)
You throw a javelin. The javelin barely misses the gnoll.
The gnoll barely misses you. The gnoll hits you with a +0 halberd!
You die...

#≈.≈..≈≈≈..#
#....$# #.().## ..
###g## #. #)# ##.#
########.# ...
#>(.g....## #..
#g#####...##### #..
#@#............
#..##.#.###...#.##.
#..<....# #...#.#
##.##.### #...# .
#. #.# #...# # ..
#.#####...# ###
#.......†.####.#
########.......#
### #.#######


You could see a gnoll.

Vanquished Creatures
  6 gnolls (D:2)
  A worm (D:2)
  A dart slug (D:1)
  6 ball pythons
  2 endoplasms (D:1)
  2 giant cockroaches (D:1)
  4 goblins
  4 hobgoblins
  2 jackals (D:1)
  2 quokkas (D:1)
  2 bats (D:1)
  2 frilled lizards (D:2)
  5 kobolds
  4 rats
43 creatures vanquished.

Notes
Turn   | Place    | Note
-------+----------+-------------------------------------------
     0 | D:1      | Ablot the Gnoll Warper began the quest for the Orb.
     0 | D:1      | Reached XP level 1. HP: 20/20 MP: 6/6
   104 | D:1      | Reached XP level 2. HP: 16/26 MP: 7/7
   107 | D:1      | Learned a level 2 spell: Blink
   258 | D:1      | Found a faded altar of an unknown god.
   710 | D:1      | Reached XP level 3. HP: 31/31 MP: 9/9
   744 | D:1      | Reached skill level 5 in Spellcasting
  1415 | D:2      | Reached skill level 1 in Invocations
  1421 | D:2      | Reached skill level 1 in Short Blades
  1421 | D:2      | Reached skill level 1 in Long Blades
  1421 | D:2      | Reached skill level 1 in Axes
  1421 | D:2      | Reached skill level 1 in Maces & Flails
  1421 | D:2      | Reached skill level 1 in Staves
  1421 | D:2      | Reached skill level 1 in Slings
  1421 | D:2      | Reached skill level 1 in Bows
  1421 | D:2      | Reached skill level 1 in Crossbows
  1421 | D:2      | Reached skill level 1 in Stealth
  1421 | D:2      | Reached skill level 1 in Shields
  1421 | D:2      | Reached skill level 1 in Unarmed Combat
  1421 | D:2      | Reached skill level 1 in Evocations
  1431 | D:2      | Reached XP level 4. HP: 25/38 MP: 11/11
  2073 | D:2      | Reached skill level 1 in Conjurations
  2073 | D:2      | Reached skill level 1 in Hexes
  2073 | D:2      | Reached skill level 1 in Summonings
  2073 | D:2      | Reached skill level 1 in Necromancy
  2073 | D:2      | Reached skill level 1 in Transmutations
  2073 | D:2      | Reached skill level 1 in Fire Magic
  2073 | D:2      | Reached skill level 1 in Ice Magic
  2073 | D:2      | Reached skill level 1 in Air Magic
  2073 | D:2      | Reached skill level 1 in Earth Magic
  2073 | D:2      | Reached skill level 1 in Poison Magic
  2085 | D:2      | Slain by a gnoll

Illustrated notes

Levels and vault maps discovered:
D:1:      lemuel_arrival_hallway, layout_loops_ring, basic_ecumenical_altar,
          grunt_decor_resistance, minmay_stone_trees_small,
          minmay_misc_feat_doors, minmay_misc_feat_alley
D:2:      layout_loops_corners, serial_rivers, chequers_serial_rivers_small_b,
          chequers_serial_rivers_small_3, chequers_serial_rivers_marsh,
          chequers_serial_rivers_micro_a, chequers_serial_rivers_small_b

Skill      XL: |  1  2  3  4 |
---------------+-------------+-----
Spellcasting   | 5 |  5.1
Invocations    | 1 |  1.4
Short Blades   | 1 |  1.2
Long Blades    | 1 |  1.2
Axes           | 1 |  1.2
Maces & Flails | 1 |  1.2
Staves         | 1 |  1.2
Slings         | 1 |  1.2
Bows           | 1 |  1.2
Crossbows      | 1 |  1.2
Stealth        | 1 |  1.2
Shields        | 1 |  1.2
Unarmed Combat | 1 |  1.2
Evocations     | 1 |  1.2
Conjurations   | 1 |  1.0
Hexes          | 1 |  1.0
Summonings     | 1 |  1.0
Necromancy     | 1 |  1.0
Transmutations | 1 |  1.0
Fire Magic     | 1 |  1.0
Ice Magic      | 1 |  1.0
Air Magic      | 1 |  1.0
Earth Magic    | 1 |  1.0
Poison Magic   | 1 |  1.0
Fighting       | |  4.7
Polearms       | |  4.7
Throwing       | |  2.8
Armour         | |  2.8
Dodging        | |  4.7
Translocations | |  5.5

Action                   |  1- 3 |  4- 6 || total
-------------------------+-------+-------++-------
Melee: Spear             |    84 |       ||    84
       Bite              |     9 |     2 ||    11
       Punch             |     1 |       ||     1
       Dagger            |    23 |    36 ||    59
Throw: Javelin           |       |     1 ||     1
 Stab: Sleeping          |       |     1 ||     1
Armor: Leather armour    |    18 |     7 ||    25
Dodge: Dodged            |    43 |    21 ||    64
